 Dungeon Crawl Stone Soup version 0.17-a0-1987-gaf5a542 (webtiles) character file.

1110 4thArraOfDagon the Grappler (level 8, -1/72 HPs)
             Began as a Troll Summoner on Oct 6, 2015.
             Was a Believer of Cheibriados.
             Slain by a water moccasin (7 damage)
             ... on level 8 of the Dungeon.
             The game lasted 00:09:56 (1954 turns).

4thArraOfDagon the Grappler (Troll Summoner)        Turns: 1954, Time: 00:09:56

Health: -1/72      AC:  4    Str: 22    XL:     8   Next: 11%
Magic:  12/17      EV: 10    Int: 18    God:    Cheibriados [**....]
Gold:   74         SH:  0    Dex: 13    Spells: 1 memorised, 8 levels left

rFire  . . .     SeeInvis .       - Unarmed
rCold  + . .     Clarity  .     l - +1 robe "Nubloadgheth" {rElec rC+ MP+9 Dex-2}
rNeg   . . .     SustAt   .     (no shield)
rPois  .         Gourm    +     (helmet restricted)
rElec  +         Spirit   .     j - +0 cloak {+Inv}
rCorr  .         Warding  .     (gloves unavailable)
rMut   .         Stasis   .     (boots unavailable)
MR     .....                    (no amulet)
Stlth  ..........               s - -3 ring of protection (curse)
                                g - ring of loudness (curse)

@: very slow, not resistant to hostile enchantments, extremely unstealthy
A: unfitting armour, claws 3, fast metabolism 3, gourmand, regeneration 2,
shaggy fur 1, tough skin 2, wild magic 1
a: Bend Time, Renounce Religion, Evoke Invisibility


You were on level 8 of the Dungeon.
You worshipped Cheibriados.
Cheibriados was pleased with you.
You were very full.

You visited 1 branch of the dungeon, and saw 8 of its levels.

You collected 217 gold pieces.
You spent 143 gold pieces at shops.

Inventory:

Hand Weapons
 h - a +0 giant club
Missiles
 d - 4 poisoned javelins (quivered)
 o - 6 javelins
Armour
 j - a +0 cloak of invisibility (worn)
 l - the +1 robe "Nubloadgheth" (worn) {rElec rC+ MP+9 Dex-2}
   (You found it on level 4 of the Dungeon)

   It affects your dexterity (-2).
   It protects you from cold.
   It insulates you from electricity.
   It affects your magic capacity (+9).
Jewellery
 g - a cursed ring of loudness (left claw)
 s - a cursed -3 ring of protection (right claw)
Scrolls
 p - a scroll of random uselessness {unknown}
 q - 2 scrolls of identify
 t - a scroll of amnesia {unknown}
 u - a scroll of noise {unknown}
 v - a scroll of remove curse {unknown}
 w - a scroll of fog {unknown}
 x - a scroll of enchant weapon {unknown}
Potions
 f - 2 potions of flight
 n - a potion of haste {unknown}
 z - a potion of heal wounds {unknown}
 A - a potion of curing
Books
 b - a book of Callings

   Spells                             Type                      Level
   a - Summon Small Mammal            Summoning                    1
   b - Call Imp                       Summoning                    2
   c - Call Canine Familiar           Summoning                    3
   d - Summon Guardian Golem          Hexes/Summoning              3
   e - Summon Lightning Spire         Summoning/Air                4
   f - Summon Ice Beast               Ice/Summoning                4
Comestibles
 a - a royal jelly
 c - 4 bread rations
 r - a beef jerky


   Skills:
 + Level 2.0 Fighting
 + Level 2.6 Dodging
 - Level 1.1 Stealth
 * Level 8.3 Unarmed Combat
 - Level 1.2 Spellcasting
 - Level 2.9 Summonings
 + Level 2.0 Invocations


You had 8 spell levels left.
You knew the following spells:

 Your Spells              Type           Power        Failure   Level  Hunger
a - Summon Small Mammal   Summ           ###.         16%         1    ##.....


Dungeon Overview and Level Annotations

Branches:
Dungeon (8/15)             Temple (0/1) D:7
   Lair: D:8-11

Altars:
Ashenzari
Cheibriados
Gozag
Nemelex Xobeh
Trog
Yredelemnul
Zin

Shops:
D:6 (   D:7 [!(

Annotations:
D:1 1 exclusion
D:8 Maurice


Innate Abilities, Weirdness & Mutations

You are too large for most types of armour.
You have claws for hands.
Your metabolism is lightning-fast.
You like to eat raw meat.
You heal very quickly.
You are covered in fur (AC +1).
You have very tough skin (AC +2).
Your spells are a little harder to cast, but a little more powerful.


Message History

You feel better.
The phantom blinks!
The water moccasin closely misses you.
Unknown command.
Unknown command.
You claw the water moccasin!
The water moccasin is severely wounded.
The water moccasin bites you!
* * * LOW HITPOINT WARNING * * *
Unknown command.
Unknown command.
You aren't carrying any items that can be evoked.
You barely miss the water moccasin.
The water moccasin is severely wounded.
The water moccasin bites you!
* * * LOW HITPOINT WARNING * * *
Unknown command.
Unknown command.
You scratch the water moccasin but do no damage.
The water moccasin is severely wounded.
The water moccasin bites you!
You die...

#.#......
#.#....###.#
#.#........
#.#....#####
#.<.........
#.####.#######
#....().......
######)##############
#...Woa{S@.........#
#.###.###########.##
#.# #.# ..# ###


You could see a phantom, a water moccasin, a worker ant and an orc.

Vanquished Creatures
  Prince Ribbit (D:6)
  An orc warrior (D:7)
  3 ogres
  2 crimson imps
  Crazy Yiuf (D:2)
  A centaur zombie (D:7)
  Ijyb (D:2)
  7 orc wizards
  An orc priest (D:7)
  The ghost of 4thArraOfDagon the Charmwright, a weakling HESk (D:4)
  7 adders
  A river rat (D:3)
  A shadow imp (D:7)
  3 adder skeletons
  4 giant geckos (D:3)
  21 orcs
  4 giant cockroaches
  5 goblins
  4 hobgoblins
  4 kobolds
  A bat (D:1)
  A giant newt (D:1)
  4 jackals (D:3)
  5 rats
84 creatures vanquished.

Notes
Turn   | Place    | Note
--------------------------------------------------------------
     0 | D:1      | 4thArraOfDagon the Troll Summoner began the quest for the Orb.
     0 | D:1      | Reached XP level 1. HP: 16/16 MP: 1/1
   168 | D:2      | Reached skill level 1 in Unarmed Combat
   207 | D:3      | Found a shattered altar of Ashenzari.
   213 | D:3      | Found a sparkling altar of Nemelex Xobeh.
   302 | D:5      | Entered Level 5 of the Dungeon
   330 | D:5      | Noticed an ogre
   336 | D:5      | Killed an ogre
   336 | D:5      | Reached skill level 4 in Unarmed Combat
   336 | D:5      | Reached XP level 2. HP: 24/24 MP: 2/2
   336 | D:5      | Reached XP level 3. HP: 31/31 MP: 3/3
   336 | D:5      | Reached XP level 4. HP: 39/39 MP: 4/4
   404 | D:4      | Noticed an orc wizard
   423 | D:4      | Killed an orc wizard
   451 | D:4      | Found an opulent altar of Gozag.
   458 | D:4      | Reached XP level 5. HP: 45/45 MP: 5/5
   466 | D:4      | Got a fabulously ornate robe
   477 | D:4      | Identified the +1 robe "Nubloadgheth" {rElec rC+ MP+9 Dex-2} (You found it on level 4 of the Dungeon)
   490 | D:4      | You fall through a shaft for 2 floors!
   508 | D:5      | Reached skill level 5 in Unarmed Combat
   546 | D:4      | Noticed an ogre
   552 | D:4      | Killed an ogre
   552 | D:4      | Reached XP level 6. HP: 53/53 MP: 6/6
   638 | D:5      | Found an opulent altar of Gozag.
   646 | D:5      | Found a bloodstained altar of Trog.
   651 | D:4      | Noticed 4thArraOfDagon's ghost (weakling HESk)
   659 | D:4      | Killed 4thArraOfDagon's ghost
   659 | D:4      | Reached skill level 6 in Unarmed Combat
   781 | D:6      | Found a snail-covered altar of Cheibriados.
   784 | D:6      | Became a worshipper of Cheibriados the Contemplative
   785 | D:6      | Noticed Prince Ribbit
   794 | D:6      | Gained mutation: Your spells are a little harder to cast, but a little more powerful. [potion of beneficial mutation]
   827 | D:6      | Found Gothremuh's Antique Weapon Emporium.
   865 | D:7      | Reached skill level 7 in Unarmed Combat
   878 | D:7      | Found Qiol's Antique Armour Shop.
   887 | D:7      | Bought a glowing cloak for 99 gold pieces
   963 | D:6      | Reached XP level 7. HP: 55/59 MP: 7/7
  1141 | D:3      | Acquired Cheibriados's first power
  1318 | D:2      | Noticed Crazy Yiuf
  1323 | D:2      | Killed Crazy Yiuf
  1389 | D:2      | Noticed Ijyb
  1401 | D:2      | Killed Ijyb
  1401 | D:2      | Reached skill level 1 in Invocations
  1569 | D:6      | Found a basalt altar of Yredelemnul.
  1588 | D:6      | Killed Prince Ribbit
  1588 | D:6      | Reached skill level 1 in Fighting
  1621 | D:6      | Reached skill level 8 in Unarmed Combat
  1655 | D:7      | Reached XP level 8. HP: 32/71 MP: 8/8
  1706 | D:7      | Found Zetaorot's Weapon Shop.
  1708 | D:7      | Found Adeeffin's Distillery.
  1715 | D:7      | Bought a potion of curing for 33 gold pieces
  1715 | D:7      | Bought a potion of poison for 11 gold pieces
  1759 | D:7      | Found a glowing silver altar of Zin.
  1842 | D:7      | Found a staircase to the Ecumenical Temple.
  1954 | D:8      | Slain by a water moccasin

Vault maps used:
D:1:      dpeg_arrival_boxes_within_box
D:2:      uniq_iyjb, uniq_crazy_yiuf_cottage
D:3:      nicolae_overflow_crystal_walls, gup_sewer_entry_bowl,
          nemelex_xobeh_ov_fountains_minmay
D:4:      kennysheep_small_circle
D:5:      bloody_trog, grunt_gozag_breadcrumbs, first_bread,
          kennysheep_cluttered_room
D:6:      lemuel_round_altar, kennysheep_mini, serial_shops, shop,
          nicolae_shop_statue_plus, uniq_prince_ribbit1
D:7:      zin_statuary, minmay_temple_entry_from_below_a, serial_shops, shop,
          nicolae_shop_trees, shop
D:8:      serial_shops, shop, uniq_maurice

Action                   |  1- 3 |  4- 6 |  7- 9 || total
-------------------------+-------+-------+-------++-------
Melee: Unarmed           |    20 |    93 |   175 ||   288
Throw: Javelin           |     3 |    13 |    10 ||    26
Invok: Bend Time         |       |       |     3 ||     3
  Use: Scroll            |       |     5 |       ||     5
       Potion            |       |     1 |     1 ||     2
  Eat: Chunk             |     5 |     7 |     9 ||    21
